 Dungeon Crawl Stone Soup version 0.29-a0-334-gb41bcbb86e (webtiles) character file.

Game seed: 16479699918939073934

109 dracfodder the Bolt Thrower (level 4, -2/37 HPs)
             Began as a Minotaur Hunter on Apr 14, 2022.
             Succumbed to Jessica's poison
             ... on level 3 of the Dungeon.
             The game lasted 00:04:44 (1562 turns).

dracfodder the Bolt Thrower (Minotaur Hunter)       Turns: 1562, Time: 00:04:45

Health: -2/37      AC:  4    Str: 16    XL:     4   Next: 60%
Magic:  3/3        EV: 12    Int:  6    God:
Gold:   128        SH:  0    Dex: 15    Spells: 3/3 levels left

rFire   . . .      SeeInvis .   b - +2 hand axe (elec)
rCold   . . .      Faith    .   (no shield)
rNeg    . . .      Spirit   .   i - +0 leather armour
rPois   .          Reflect  .   (helmet restricted)
rElec   .          Harm     .   (no cloak)
rCorr   .          Rampage  .   (no gloves)
Will    .....                   h - +0 pair of boots
Stlth   +.........              (no amulet)
HPRegen 0.12/turn               (no ring)
MPRegen 0.08/turn               (no ring)

@: confused, lethally poisoned (-2 -> -31), ambrosia-drunk, slowed, very slow
A: horns 2, retaliatory headbutt
a: no special abilities


You were on level 3 of the Dungeon.
You visited 1 branch of the dungeon, and saw 3 of its levels.

You collected 128 gold pieces.

Inventory:

Hand Weapons
 a - a +1 hand crossbow
 b - a +2 hand axe of electrocution (weapon)
Armour
 h - a +0 pair of boots (worn)
 i - a +0 leather armour (worn)
Scrolls
 c - a scroll of immolation
 d - a scroll of summoning {unknown}
 f - a scroll of identify
Potions
 e - a potion of might
 j - a potion of curing {unknown}
 k - a potion of haste
 m - a potion of cancellation {unknown}


   Skills:
 + Level 2.8 Fighting
 * Level 1.2 Axes
 * Level 6.2 Crossbows
 + Level 0.8 Armour
 + Level 2.2 Dodging
 + Level 0.7 Stealth


You had 3 spell levels left.
You didn't know any spells.
Your spell library was empty.

Dungeon Overview and Level Annotations

Branches:
Dungeon (3/15)

Altars:
Makhleb

Annotations:
D:3 Jessica


Innate Abilities, Weirdness & Mutations

You have a pair of horns on your head.
You reflexively headbutt those who attack you in melee.


Message History

You feel extremely sick. Jessica casts a spell at you.
Pain shoots through your body!
You are too injured to fight recklessly!
You are too injured to fight recklessly!
Shoot: a) +1 hand crossbow
Press: ? - help, Q - select action Shift-Dir - straight line, f/p - Jessica
Aim: Jessica, wielding a +0 dagger of venom and wearing a +0 robe (moderately wounded, 65% to hit)
You shoot a bolt. The bolt hits Jessica.
Jessica is severely wounded.
* * * LOW HITPOINT WARNING * * *
You feel very sick.
Jessica hits you with a +0 dagger of venom.
* * * LOW HITPOINT WARNING * * *
You are more poisoned.
Jessica barely misses you.
You are confused.
You feel invigorated.
* * * LOW HITPOINT WARNING * * *
You feel very sick. Jessica casts a spell at you.
You feel as though you will be slow longer.
Jessica hits you with a +0 dagger of venom.
* * * LOW HITPOINT WARNING * * *
You hear the crackle of electricity.
b - a +2 hand axe of electrocution (weapon)
* * * LOW HITPOINT WARNING * * *
You feel sick.
You barely miss Jessica.
Jessica is severely wounded.
* * * LOW HITPOINT WARNING * * *
You feel very sick.
Jessica hits you with a +0 dagger of venom.
* * * LOW HITPOINT WARNING * * *
You are lethally poisoned!
A dart slug comes into view.
Jessica hits you with a +0 dagger of venom!
* * * LOW HITPOINT WARNING * * *
You are more poisoned.
You die...

## ##### ###
#.#####...# ##...
#........# #w...
##.###...########
....
##.............#
..###.###...######.#
#@#.## #...# #.#
#.## #...# #.# #@#
#...# ##.# #.#
#...#####... #.#
#<#......... #.#
#...#####... #.#
#.#.# ##.# #.# #.#.#
#.. ..> #.#.# ##.
... ....# . #.### .


You could see Jessica.

Vanquished Creatures
  A scorpion (D:2)
  A dart slug (D:2)
  3 bats
  3 endoplasms (D:2)
  2 giant cockroaches (D:2)
  5 goblins
  2 hobgoblins
  6 jackals (D:1)
  4 kobolds (D:2)
  3 quokkas (D:2)
  A ball python (D:2)
  A frilled lizard (D:2)
  12 rats
44 creatures vanquished.

Notes
Turn   | Place    | Note
-------+----------+-------------------------------------------
     0 | D:1      | dracfodder the Minotaur Hunter began the quest for the Orb.
     0 | D:1      | Reached XP level 1. HP: 18/18 MP: 0/0
   234 | D:1      | Reached XP level 2. HP: 25/25 MP: 1/1
   281 | D:1      | Reached skill level 5 in Crossbows
   732 | D:2      | Found a burning altar of Makhleb.
   790 | D:2      | Found a faded altar of an unknown god.
   862 | D:2      | Reached XP level 3. HP: 30/30 MP: 2/2
  1107 | D:2      | Noticed a scorpion
  1113 | D:2      | Killed a scorpion
  1114 | D:2      | Reached skill level 1 in Axes
  1114 | D:2      | Reached skill level 6 in Crossbows
  1114 | D:2      | Reached XP level 4. HP: 32/37 MP: 3/3
  1553 | D:3      | Noticed Jessica
  1561 | D:3      | HP: 1/37 [Jessica/+0 dagger of venom (7)]
  1562 | D:3      | Succumbed to Jessica's poison

Illustrated notes

Levels and vault maps discovered:
D:1:      dpeg_chamrin_arrival_tetris, layout_loops_ring
D:2:      layout_loops_ring, basic_altar, ebering_ecumenical_altar_rust,
          minmay_rat_gold_closets
D:3:      layout_loops_ring, uniq_robin, uniq_jessica

Skill      XL: |  1  2  3 |
---------------+----------+-----
Crossbows      | 5 6 |  6.2
Axes           | 1 |  1.2
Fighting       | |  2.8
Armour         | |  0.8
Dodging        | |  2.2
Stealth        | |  0.7

Action                   |  1- 3 |  4- 6 || total
-------------------------+-------+-------++-------
Melee: Hand axe          |       |     1 ||     1
 Fire: Hand crossbow     |    63 |    34 ||    97
  Use: Scroll            |     6 |     1 ||     7
       Potion            |       |     1 ||     1
Armor: Leather armour    |     7 |     2 ||     9
Dodge: Dodged            |    10 |     6 ||    16

Table legend: (Time is in decaauts)
 A = Elapsed time spent in this place.
 B = Non-inter-level travel time spent in this place.
 C = Inter-level travel time spent in this place.
 D = Time resting spent in this place.
 E = Time spent auto-exploring this place.
 F = Levels seen in this place.
 G = Mean time per level.
                   A        B        C        D        E       F      G
               +--------+--------+--------+--------+--------+-----+--------+
         Total |   1589 |   1563 |     26 |     27 |   1278 |   3 |  529.7 |
       Dungeon |   1589 |   1563 |     26 |     27 |   1278 |   3 |  529.7 |
               +--------+--------+--------+--------+--------+-----+--------+

Top non-repeatable levels by time:
     D:2: 840 daAuts
     D:1: 701 daAuts
     D:3: 47 daAuts
